 Dungeon Crawl Stone Soup version 0.24.0-1-gfbc8707 (webtiles) character file.

Game seed: 16202736143277560742, levelgen mode: deterministic

44 Illumine the Ducker (level 3, -9/35 HPs)
             Began as a Gnoll Monk on Nov 15, 2019.
             Killed by divine providence
             ... invoked by an orc priest
              (12 damage)
             ... on level 3 of the Dungeon.
             The game lasted 00:01:02 (663 turns).

Illumine the Ducker (Gnoll Monk)                     Turns: 663, Time: 00:01:03

Health: -9/35      AC:  2    Str: 14    XL:     3   Next: 60%
Magic:  4/4        EV: 16    Int: 12    God:
Gold:   31         SH:  0    Dex: 17    Spells: 3/3 levels left

rFire    . . .     SeeInvis .   a - +0 falchion
rCold    . . .     Gourm    .   (no shield)
rNeg     . . .     Faith    .   b - +0 robe
rPois    .         Spirit   .   (no helmet)
rElec    .         Reflect  .   (no cloak)
rCorr    .         Harm     .   (no gloves)
MR       .....                  (no boots)
Stlth    +++.......             (no amulet)
HPRegen  0.11/turn              (no ring)
MPRegen  0.09/turn              (no ring)

@: no status effects
A: distributed training, fangs 1, strong nose
a: no special abilities


You were on level 3 of the Dungeon.
You were not hungry.

You visited 1 branch of the dungeon, and saw 4 of its levels.

You collected 31 gold pieces.

Inventory:

Hand Weapons
 a - a +0 falchion (weapon)
Armour
 b - a +0 robe (worn)
Potions
 d - a potion of heal wounds {unknown}
Comestibles
 c - 4 rations


   Skills:
 + Level 6.5 Fighting
 + Level 0.8 Short Blades
 + Level 6.5 Long Blades
 + Level 0.8 Axes
 + Level 0.8 Maces & Flails
 + Level 0.8 Polearms
 + Level 0.8 Staves
 + Level 0.8 Slings
 + Level 0.8 Bows
 + Level 0.8 Crossbows
 + Level 0.8 Throwing
 + Level 0.8 Armour
 + Level 6.5 Dodging
 + Level 4.1 Stealth
 + Level 0.8 Shields
 + Level 0.8 Unarmed Combat
 + Level 0.8 Spellcasting
 + Level 0.5 Conjurations
 + Level 0.5 Hexes
 + Level 0.5 Charms
 + Level 0.5 Summonings
 + Level 0.5 Necromancy
 + Level 0.5 Translocations
 + Level 0.5 Transmutations
 + Level 0.5 Fire Magic
 + Level 0.5 Ice Magic
 + Level 0.5 Air Magic
 + Level 0.5 Earth Magic
 + Level 0.5 Poison Magic
 + Level 1.0 Invocations
 + Level 0.8 Evocations


You had 3 spell levels left.
You didn't know any spells.
Your spell library was empty.

Dungeon Overview and Level Annotations

Branches:
Dungeon (4/15)
 Temple: D:4-7

Altars:


Innate Abilities, Weirdness & Mutations

Your experience applies equally to all skills.
You have very sharp teeth.
Your uncanny sense of smell can sniff out nearby items.


Message History

The orc priest casts a cantrip, but nothing happens.
You hit the orc priest but do no damage.
You bite the orc priest, but do no damage.
The orc priest hits you with a +0 short sword.
You hit the orc priest but do no damage.
The orc priest hits you with a +0 short sword.
You hit the orc priest.
The orc priest is lightly wounded.
The orc priest mumbles some strange prayers to Beogh against you.
Beogh smites you!
* * * LOW HITPOINT WARNING * * *
You slash the orc priest! Your bite misses the orc priest.
The orc priest is severely wounded.
The orc priest hits you with a +0 short sword.
* * * LOW HITPOINT WARNING * * *
You hit the orc priest.
The orc priest is severely wounded.
The orc priest invokes the aid of Beogh against you.
Beogh smites you!
You die...

#.# #.# #.# ∆ #.#
#.# ##...##### #.#
#........# #.#
#........#
################.#
#........#
#.o@.............#
#...>....#
#.################
#........# #.#
#........# #o#
.........####.####
........(oooo....#
%.o..............#
......)........÷.#
...#..÷..........#


You could see an orc priest.

Vanquished Creatures
  An adder (D:2)
  2 leopard geckos (D:3)
  2 orcs (D:3)
  5 goblins
  7 hobgoblins
  A quokka (D:3)
  4 bats
  4 kobolds
  2 rats (D:1)
28 creatures vanquished.

Notes
Turn   | Place    | Note
-------+----------+-------------------------------------------
     0 | D:1      | Illumine the Gnoll Monk began the quest for the Orb.
     0 | D:1      | Reached XP level 1. HP: 23/23 MP: 1/1
    67 | D:1      | Reached XP level 2. HP: 21/29 MP: 2/2
   151 | D:2      | Reached XP level 3. HP: 30/35 MP: 3/3
   384 | D:3      | Reached skill level 1 in Invocations
   663 | D:3      | Killed from afar by an orc priest

Levels and vault maps discovered:
D:1:      dpeg_arrival_rhombi, layout_basic
D:2:      layout_basic, nicolae_ru_the_path_less_chosen,
          chequers_ecumenical_altar_island
D:3:      layout_basic
D:4:      layout_layer_cave, serial_glass, glass_columns_a, glass_columns_b,
          first_ration, kennysheep_donut, xom_redecorated, uniq_robin

Skill      XL: |  1  2  3 |
---------------+----------+-----
Invocations    | 1 |  1.0
Fighting       | |  6.5
Short Blades   | |  0.8
Long Blades    | |  6.5
Axes           | |  0.8
Maces & Flails | |  0.8
Polearms       | |  0.8
Staves         | |  0.8
Slings         | |  0.8
Bows           | |  0.8
Crossbows      | |  0.8
Throwing       | |  0.8
Armour         | |  0.8
Dodging        | |  6.5
Stealth        | |  4.1
Shields        | |  0.8
Unarmed Combat | |  0.8
Spellcasting   | |  0.8
Conjurations   | |  0.5
Hexes          | |  0.5
Charms         | |  0.5
Summonings     | |  0.5
Necromancy     | |  0.5
Translocations | |  0.5
Transmutations | |  0.5
Fire Magic     | |  0.5
Ice Magic      | |  0.5
Air Magic      | |  0.5
Earth Magic    | |  0.5
Poison Magic   | |  0.5
Evocations     | |  0.8

Action                   || total
-------------------------++-------
Melee: Falchion          ||    67
       Bite              ||    10
 Stab: Sleeping          ||     4
Armor: Robe              ||    10
Dodge: Dodged            ||    70
       Rpst.: Falchion   ||    19
